Map: Acropolis LE

Players

Mez

  • Race: Terran Terran
  • League: Master
  • Spawn Location: 11:00

BobRoss - Winner!

  • Race: Terran Terran
  • League: Master
  • Spawn Location: 5:00

VOD

Have the link to the VOD?

Description

Time

  • Played on: Aug. 13, 2019, 3:49 p.m.
  • Length: 14:21
Show
View Real Time Build Order
Export as new Build Order

Mez Terran 

Build Orders: Cyclone Opening 

Get SALT Encoding   

  12  0:00  SCV  
  13  0:13  SCV  
  14  0:17  Supply Depot  
  14  0:26  SCV  
  15  0:38  SCV  
  15  0:41  Barracks  
  16  0:44  Refinery  
  16  0:50  SCV  
  16  0:54  Refinery  
  17  1:03  SCV  
  18  1:15  SCV  
  19  1:28  Reaper, Orbital Command  
  20  1:42  Factory  
  20  1:51  Supply Depot  
  20  1:55  SCV  
  20  2:00  Reaper  
  22  2:07  SCV  
  23  2:22  SCV  
  24  2:24  Command Center  
  24  2:28  Factory Tech Lab  
  24  2:32  Supply Depot  
  24  2:33  Barracks Reactor  
  24  2:40  SCV  
  25  2:48  Cyclone  
  28  2:55  SCV  
  29  3:01  Starport  
  29  3:08  SCV  
  29  3:10  Marine  
  29  3:11  Marine  
  32  3:24  Siege Tank  
  32  3:25  SCV  
  36  3:33  Marine  
  36  3:34  Marine  
  38  3:36  Orbital Command  
  38  3:38  Starport Tech Lab  
  38  3:40  Refinery  
  38  3:41  SCV  
  39  3:52  Supply Depot  
  39  4:02  Marine x2  
  44  4:04  Raven  
  44  4:08  SCV x2  
  45  4:17  Supply Depot  
  45  4:26  Siege Tank  
  45  4:27  Marine x2  
  45  4:28  SCV x2  
  52  4:46  SCV x2  
  52  4:49  Raven  
  52  4:50  Command Center, Supply Depot  
  56  4:56  Marine x2  
  56  4:58  SCV  
  59  5:07  Siege Tank  
  42  5:35  Marine  
  42  5:36  Marine  
  36  6:04  SCV x2  
  36  6:05  Barracks  
  36  6:06  Orbital Command  
  38  6:12  Siege Tank  
  38  6:16  SCV  
  38  6:17  SCV  
  43  6:19  Viking  
  45  6:28  SCV  
  45  6:29  SCV  
  47  6:37  SCV  
  47  6:39  Marine  
  48  6:41  SCV x2  
  48  6:45  Stimpack  
  51  6:49  SCV  
  51  6:53  SCV  
  53  6:57  Marine  
  54  7:22  Marine  
  55  7:24  Barracks Reactor  
  55  7:25  SCV x2  
  55  7:27  Barracks  
  55  7:28  Siege Tank, Engineering Bay  
  55  7:29  Viking x2, Barracks x2  
  64  7:30  Engineering Bay  
  64  7:31  Orbital Command  
  64  7:34  Refinery  
  63  7:37  SCV x2  
  63  7:43  Marine  
  66  7:49  SCV x2  
  68  8:01  SCV  
  62  8:17  Barracks Reactor x3  
  62  8:18  Marine x3  
  62  8:19  Siege Tank  
  71  8:20  Viking x2, SCV  
  64  8:21  SCV x2  
  64  8:25  Supply Depot  
  64  8:26  Terran Infantry Weapons Level 1, Supply Depot  
  71  8:33  Missile Turret, SCV x2  
  73  8:34  Missile Turret  
  73  8:36  Marine x2  
  73  8:37  Missile Turret, Marine  
  73  8:39  SCV  
  77  8:45  SCV x2  
  79  8:51  SCV  
  79  8:54  Marine x3  
  79  8:55  Marine x6  
  87  8:59  Siege Tank  
  91  9:03  Refinery  
  91  9:23  Marine  
  91  9:24  Marine x7  
  78  9:51  Marine  
  78  9:52  Marine x8  
  80  9:56  SCV x2  
  80  9:58  Refinery  
  79  10:09  Marine x3  
  79  10:10  Marine  
  79  10:13  SCV x3  
  78  10:20  Marine x5  
  83  10:25  SCV x3, Terran Infantry Armor Level 1  
  83  10:27  Marine x4  
  83  10:28  Armory  
  90  10:37  SCV x2  
  90  10:38  SCV, Marine x3  
  90  10:39  Combat Shield  
  90  10:40  Factory Tech Lab  
  96  10:46  Starport  
  96  10:48  Starport  
  96  10:49  SCV  
  98  10:50  SCV x2  
  99  11:01  SCV  
  99  11:02  SCV x2  
  100  11:09  Marine  
  101  11:18  Supply Depot x2  
  101  11:19  Supply Depot  
  101  11:21  Supply Depot  
  101  11:23  Supply Depot  
  101  11:29  Missile Turret x2  
  101  11:30  Missile Turret  
  101  11:31  Missile Turret  
  101  11:34  Barracks  
  101  11:39  SCV x3, Marine x9  
  116  11:44  Factory  
  116  11:51  SCV  
  117  11:57  Marine x7  
  117  11:58  Marine x2  
  117  12:00  Starport Reactor  
  125  12:04  Siege Tank  
  125  12:15  Marine x3  
  122  12:20  Marine x7  
  127  12:25  Starport Reactor  
  127  12:32  Marine  
  127  12:34  Factory Tech Lab  
  127  12:35  Sensor Tower  
  127  12:36  Siege Tank  
  131  12:37  Medivac x2  
  135  12:49  SCV x3  
  134  12:58  Thor  
  134  13:01  SCV x3  
  103  13:07  Marine x10  
  107  13:13  Siege Tank, SCV  
  107  13:14  Medivac x4  
  119  13:24  Marine  
  119  13:25  Marine x5  
  125  13:28  Barracks Reactor, Marine  
  125  13:29  Marine x2  
  125  13:33  Command Center  
  128  13:42  Marine  
  128  13:43  Marine x2  
  128  13:44  Medivac  
  136  13:59  Marine x5  
Show
View Real Time Build Order
Export as new Build Order

BobRoss Terran - Winner!

Build Orders:  

Get SALT Encoding   

  12  0:00  SCV  
  13  0:13  SCV  
  14  0:18  Supply Depot  
  14  0:25  SCV  
  15  0:32  Refinery  
  15  0:39  SCV  
  16  0:45  Barracks  
  16  0:51  SCV  
  17  1:03  SCV  
  18  1:16  SCV  
  19  1:31  Orbital Command  
  19  1:32  Barracks Reactor  
  19  1:43  Command Center  
  19  1:55  Bunker  
  19  1:57  SCV  
  20  2:02  Supply Depot  
  20  2:08  Marine x2  
  21  2:12  SCV  
  23  2:20  Factory  
  23  2:24  SCV  
  23  2:26  Marine  
  23  2:29  Marine  
  26  2:36  SCV  
  27  2:38  Refinery  
  27  2:44  Marine  
  27  2:47  Marine  
  27  2:48  SCV  
  30  2:55  Orbital Command  
  30  3:02  SCV  
  31  3:07  Starport  
  31  3:11  Hellion  
  33  3:14  Hellion  
  33  3:17  SCV  
  36  3:22  Supply Depot  
  36  3:25  SCV  
  37  3:27  Barracks Tech Lab  
  37  3:33  Hellion  
  39  3:35  Hellion  
  39  3:38  SCV  
  43  3:41  SCV  
  43  3:47  Medivac  
  45  3:49  Stimpack  
  45  3:51  Marine  
  46  4:10  Command Center  
  46  4:11  Marine  
  46  4:13  Factory Tech Lab  
  47  4:21  Barracks  
  45  4:28  SCV x2  
  45  4:30  Marine, Starport Tech Lab  
  48  4:32  Siege Tank  
  51  4:40  SCV x2  
  51  4:44  Supply Depot  
  51  4:45  Supply Depot  
  53  4:50  Marine  
  54  5:02  Barracks  
  54  5:05  Raven, SCV x2  
  42  5:32  Marine x3  
  42  5:34  Siege Tank  
  33  5:50  Marine x2  
  35  6:00  SCV x2  
  35  6:02  Marine  
  35  6:03  Combat Shield  
  37  6:04  Barracks Reactor  
  37  6:06  Orbital Command  
  37  6:10  Engineering Bay x2  
  37  6:12  SCV  
  37  6:13  SCV, Starport Reactor  
  39  6:20  Marine x2  
  39  6:22  Refinery  
  39  6:24  Marine  
  39  6:25  SCV x2  
  44  6:33  SCV  
  44  6:37  Siege Tank, SCV x2  
  44  6:38  Marine  
  51  6:40  Marine x2  
  51  6:45  SCV  
  54  6:49  SCV x2  
  54  6:51  Terran Infantry Weapons Level 1  
  54  6:53  Terran Infantry Armor Level 1  
  56  6:55  Medivac  
  56  6:57  SCV  
  59  7:07  Marine x5  
  53  7:25  Marine x5  
  53  7:26  Siege Tank  
  61  7:30  Barracks x2  
  58  7:39  Medivac  
  58  7:40  SCV x2  
  58  7:42  Marine  
  58  7:43  Marine x4  
  67  7:44  Supply Depot  
  67  7:45  Supply Depot  
  68  7:51  SCV  
  68  7:52  SCV  
  69  8:00  Marine x2  
  69  8:01  Marine x3  
  66  8:17  Medivac  
  66  8:18  Siege Tank, SCV x2, Marine x4  
  66  8:19  Marine  
  74  8:27  Barracks Reactor  
  74  8:31  Barracks Reactor, Armory  
  74  8:32  SCV x2  
  76  8:36  Marine x2  
  76  8:37  Marine x2  
  76  8:38  Marine  
  76  8:39  Orbital Command  
  81  8:44  SCV x2  
  83  8:48  Refinery  
  83  8:54  Marine x3  
  83  8:55  Medivac  
  88  8:56  Siege Tank  
  88  9:02  Marine  
  92  9:03  Marine  
  92  9:04  SCV x2  
  92  9:05  SCV  
  96  9:11  Marine  
  96  9:12  Marine x2  
  96  9:16  SCV  
  100  9:21  Marine  
  100  9:22  Terran Infantry Weapons Level 2  
  101  9:25  Supply Depot  
  101  9:26  Supply Depot  
  101  9:27  Supply Depot  
  101  9:29  Terran Infantry Armor Level 2  
  101  9:32  Marine x2  
  90  9:45  Marine  
  90  9:49  Marine  
  90  9:50  Marine x6  
  90  9:52  Marine  
  93  9:53  Siege Tank, Medivac x2  
  93  9:55  SCV x2  
  95  10:01  Refinery  
  95  10:13  Marine  
  95  10:14  Marine x8  
  93  10:21  SCV x2  
  93  10:22  SCV  
  93  10:28  Factory, Medivac  
  98  10:29  Siege Tank  
  98  10:31  Marine  
  98  10:32  Marine x8  
  98  10:33  SCV  
  98  10:34  SCV  
  112  10:38  Command Center  
  112  10:40  SCV  
  113  10:45  Terran Vehicle Weapons Level 1  
  113  10:46  SCV  
  113  10:49  Marine  
  115  10:50  Refinery  
  115  10:51  Supply Depot  
  115  10:53  Supply Depot x2  
  115  10:55  Marine x6, Supply Depot  
  115  10:56  Marine x2  
  122  11:07  Marine  
  122  11:08  Siege Tank  
  122  11:09  Medivac  
  125  11:13  SCV x3, Marine x5  
  125  11:15  Marine x3  
  125  11:18  Factory Tech Lab, Supply Depot  
  136  11:24  Marine  
  137  11:36  Marine  
  137  11:37  Marine x7  
  145  11:41  Terran Infantry Weapons Level 3  
  145  11:42  Marine  
  146  11:47  SCV x2  
  148  11:54  Marine  
  148  11:55  Marine  
  148  11:56  Siege Tank  
  149  12:01  Marine  
  149  12:02  Marine x3  
  153  12:11  Sensor Tower  
  153  12:19  Marine  
  153  12:20  Siege Tank  
  153  12:21  Medivac  
  153  12:22  SCV x2  
  161  12:23  Planetary Fortress  
  162  12:30  SCV  
  162  12:34  SCV  
  162  12:35  Command Center  
  162  12:36  Supply Depot  
  163  12:37  Barracks  
  163  12:38  Supply Depot  
  163  12:44  Marine  
  163  12:45  Marine x5  
  163  12:47  Marine  
  163  12:48  Marine x2  
  170  13:02  Marine  
  170  13:03  Marine  
  148  13:06  Marine  
  127  13:13  Marine x3  
  127  13:14  Marine x3  
  127  13:15  Siege Tank x2  
  127  13:16  SCV x2  
  141  13:20  Marine  
  141  13:21  Marine  
  141  13:26  Marine, Barracks  
  145  13:28  Barracks Reactor  
  145  13:29  SCV x2  
  145  13:31  Marine x2  
  148  13:39  Sensor Tower  
  148  13:40  Marine  
  148  13:41  Marine x5  
  150  13:44  Marine  
  155  13:49  Marine x2  
  155  13:50  Fusion Core, Starport  
  155  13:52  Starport  
  155  13:54  Refinery  
  155  13:55  Refinery  
  157  13:58  Marine  
Tags
 
Add a new tag
Caveats
  • Supply blocks, unpowered buildings, or Contaminate may cause inaccurate times.
  • Supply counts are checked every 10 seconds.